 Dungeon Crawl Stone Soup version 0.29.0-10-g45618ea6d2 (webtiles) character file.

Game seed: 5791801246569288617

95 Persephone the Slasher (level 4, 0/32 (39) HPs)
             Began as a Minotaur Berserker on Sept 2, 2022.
             Was a Follower of Trog.
             Slain by a necrophage (2 damage)
             ... on level 3 of the Dungeon.
             The game lasted 00:03:40 (2550 turns).

Persephone the Slasher (Minotaur Berserker)         Turns: 2550, Time: 00:03:41

HP:   0/32 (39)     AC:  9    Str: 23    XL:     4   Next: 39%
MP:   3/3           EV:  8    Int:  4    God:    Trog [*.....]
Gold: 133           SH:  0    Dex: 10    Spells: 3/3 levels left

rFire   . . .      SeeInvis .   c - staff of death
rCold   . . .      Faith    .   (no shield)
rNeg    + . .      Spirit   .   h - +0 chain mail
rPois   .          Reflect  .   (helmet restricted)
rElec   .          Harm     .   i - +0 cloak
rCorr   .          Rampage  .   (no gloves)
Will    .....                   (no boots)
Stlth   ..........              (no amulet)
HPRegen 0.10/turn               (no ring)
MPRegen 0.08/turn               (no ring)

@: heavily drained
A: horns 2, retaliatory headbutt
a: Renounce Religion, Berserk


You were on level 3 of the Dungeon.
You worshipped Trog.
Trog was aware of your devotion.
You visited 1 branch of the dungeon, and saw 3 of its levels.

You collected 133 gold pieces.

Inventory:

Hand Weapons
 a - a +0 falchion
Armour
 b - a +0 animal skin
 h - a +0 chain mail (worn)
 i - a +0 cloak (worn)
Magical Staves
 c - a staff of death (weapon)
Scrolls
 d - 3 scrolls of identify {unknown}
 f - 2 scrolls of teleportation {unknown}
Potions
 e - 2 potions of heal wounds {unknown}


   Skills:
 - Level 3.6 Fighting
 - Level 5.9 Long Blades
 + Level 1.8 Staves
 - Level 2.4 Armour
 - Level 2.1 Dodging


You had 3 spell levels left.
You didn't know any spells.
Your spell library was empty.

Dungeon Overview and Level Annotations

Branches:
Dungeon (3/15)

Altars:
Ru

Shops:
D:2 (


Innate Abilities, Weirdness & Mutations

You have a pair of horns on your head.
You reflexively headbutt those who attack you in melee.


Message History

The necrophage hits you but does no damage.
The necrophage hits you but does no damage.
The necrophage hits you but does no damage.
The necrophage hits you but does no damage.
The necrophage hits you. You partially resist.
You feel drained.
The necrophage hits you but does no damage.
The necrophage hits you.
The necrophage hits you but does no damage.
The necrophage hits you but does no damage.
The necrophage hits you but does no damage.
The necrophage hits you but does no damage.
The necrophage closely misses you. The necrophage hits you.
* * * LOW HITPOINT WARNING * * *
The necrophage barely misses you.
The necrophage hits you but does no damage.
The necrophage hits you but does no damage.
The necrophage hits you but does no damage.
The necrophage hits you but does no damage.
The necrophage barely misses you. The necrophage hits you.
* * * LOW HITPOINT WARNING * * *
You partially resist.
You feel drained.
The necrophage hits you but does no damage.
The necrophage closely misses you. The necrophage hits you.
* * * LOW HITPOINT WARNING * * *
You partially resist.
You feel drained. The necrophage closely misses you. The necrophage hits you.
* * * LOW HITPOINT WARNING * * *
You partially resist.
You feel drained. The necrophage barely misses you.
The necrophage hits you but does no damage.
The necrophage closely misses you.
The necrophage hits you but does no damage.
The necrophage barely misses you. You furiously retaliate!
You headbutt the necrophage! The necrophage hits you.
You die...

... #...~.≈≈~ .
.. ....≈._≈. ..
.. ...~.≈≈~~
... .#..~.~~~.~
.... .#~.~...~~
.....#..~.....~
......)n#.....#
#@.# ##.#.....#
########≈.#
#.#.#
≈........≈## #
_.≈.≈.≈†≈..#
≈........≈.##.#
########≈.....#
#..##### #.##


You could see a necrophage.

Vanquished Creatures
  4 adders (D:2)
  A worm (D:2)
  A dart slug (D:2)
  8 ball pythons
  A bat (D:1)
  3 giant cockroaches (D:2)
  5 goblins
  7 hobgoblins
  3 jackals (D:2)
  2 quokkas (D:2)
  5 frilled lizards
  7 kobolds
  5 rats
52 creatures vanquished.

Notes
Turn   | Place    | Note
-------+----------+-------------------------------------------
     0 | D:1      | Persephone the Minotaur Berserker began the quest for the
                  | Orb.
     0 | D:1      | Reached XP level 1. HP: 19/19 MP: 0/0
    79 | D:1      | Reached skill level 4 in Long Blades
   417 | D:1      | Reached XP level 2. HP: 13/26 MP: 1/1
  1351 | D:2      | Reached skill level 5 in Long Blades
  1364 | D:2      | Reached XP level 3. HP: 31/31 MP: 2/2
  1379 | D:2      | Found Kikhloxyrr's Weapon Emporium.
  1386 | D:2      | Reached ** piety under Trog
  1656 | D:2      | Reached XP level 4. HP: 39/39 MP: 3/3
  1745 | D:2      | Reached skill level 1 in Staves
  2446 | D:3      | Found a sacrificial altar of Ru.
  2480 | D:3      | Found a faded altar of an unknown god.
  2482 | D:3      | Noticed a necrophage
  2544 | D:3      | HP: 1/33 [necrophage (3)]
  2550 | D:3      | Slain by a necrophage

Illustrated notes

Levels and vault maps discovered:
D:1:      mrwooster_arrival_statue_2, layout_basic
D:2:      layout_basic, serial_shops, shop, minmay_goblin_outpost
D:3:      layout_basic, nicolae_ru_path_of_blood,
          shapermc_ecumenical_altar_starsandcircs, uniq_terence

Skill      XL: |  1  2  3  4 |
---------------+-------------+-----
Long Blades    | 4 5 |  5.9
Staves         | 1 |  1.8
Fighting       | |  3.6
Armour         | |  2.4
Dodging        | |  2.1

Action                   |  1- 3 |  4- 6 || total
-------------------------+-------+-------++-------
Melee: Falchion          |   105 |       ||   105
       Headbutt          |    15 |     6 ||    21
       Staff             |     5 |    17 ||    22
       Punch             |     1 |       ||     1
  Use: Potion            |     3 |       ||     3
 Stab: Sleeping          |     1 |       ||     1
Armor: Animal skin       |     8 |       ||     8
       Chain mail        |    43 |   165 ||   208
Dodge: Dodged            |    81 |   109 ||   190
